 Dungeon Crawl Stone Soup version 0.31-a0-233-g139696dc86 (webtiles) character file.

Game seed: 5812377705949859375

118 qw the Shooter (level 4, -11/36 HPs)
             Began as a Minotaur Hexslinger on July 8, 2023.
             Mangled by an ogre
             ... wielding a +0 giant club
              (14 damage)
             ... on level 2 of the Dungeon.
             The game lasted 00:00:30 (1151 turns).

qw the Shooter (Minotaur Hexslinger)                Turns: 1151, Time: 00:00:30

Health: -11/36     AC:  3    Str: 13    XL:     4   Next: 72%
Magic:  4/4        EV: 12    Int: 10    God:
Gold:   66         SH:  0    Dex: 14    Spells: 4/5 levels left

rFire   . . .        a - +1 sling
rCold   . . .        (no shield)
rNeg    . . .        d - +0 leather armour
rPois   .            (helmet restricted)
rElec   .            (no cloak)
rCorr   .            (no gloves)
SInv    .            (no boots)
Will    .....        (no amulet)
Stlth   +            (no ring)
HPRegen 0.26/turn    (no ring)
MPRegen 0.09/turn

%: no passive effects
@: no status effects
A: horns 2, retaliatory headbutt
a: no special abilities


You were on level 2 of the Dungeon.
You visited 1 branch of the dungeon, and saw 2 of its levels.

You collected 66 gold pieces.


Innate Abilities, Weirdness & Mutations

You have a pair of horns on your head.
You reflexively headbutt those who attack you in melee.


   Skills:
 + Level 2.0 Fighting
 - Level 5.3 Ranged Weapons
 - Level 2.1 Dodging
 - Level 1.0 Spellcasting
 - Level 2.0 Hexes


You had 4 spell levels left.
You knew the following spells:

 Your Spells              Type           Power      Damage    Failure   Level
a - Slow                  Hex            16%        N/A       19%         1

Your spell library contained the following spells:

 Spells                   Type           Power      Damage    Failure   Level
 Inner Flame              Hex/Fire       2%         N/A       65%         3
 Portal Projectile        Hex/Tloc       4%         N/A       65%         3
 Cause Fear               Hex            2%         N/A       88%         4

Inventory:

Hand Weapons
 a - a +1 sling (weapon)
Armour
 d - a +0 leather armour (worn)
 f - a scarf of repulsion
Jewellery
 b - a ring of wizardry
Scrolls
 c - a scroll of blinking {unknown}
 e - a scroll of fog {unknown}

Dungeon Overview and Level Annotations

Branches:
Dungeon (2/15)

Altars:
Yredelemnul

Shops:
D:1 =*=


Message History

Enter note:
Enter note:
Enter note:
Enter note:
There is a large open door here.
There is a large open door here.
There is an open door here.
You open the door.
There is an open door here.
An ogre comes into view. It is wielding a +0 giant club.
The ogre shouts!
Enter note:
Enter note:
Enter note:
Enter note:
Enter note:
Enter note:
Enter note:
Enter note:
Enter note: You shoot a sling bullet.
The sling bullet hits the ogre!
The ogre is moderately wounded.
You shoot a sling bullet. The sling bullet hits the ogre.
The ogre is moderately wounded.
You shoot a sling bullet. The sling bullet hits the ogre.
The ogre is moderately wounded.
The ogre closely misses you.
You shoot a sling bullet. The sling bullet hits the ogre!
The ogre is severely wounded.
The ogre misses you.
You shoot a sling bullet.
The sling bullet completely misses the ogre.
The ogre hits you with a +0 giant club!!
Ouch! That really hurt!
You shoot a sling bullet.
The sling bullet completely misses the ogre.
You shoot a sling bullet. The sling bullet hits the ogre!
The ogre is almost dead.
The ogre hits you with a +0 giant club!
You die...

#.####### #.....O.#
#@# #.# #.#
######### #.#
#......## #.#
######......##
###'###...##......##
#....##...##......##
#....##...##......##
#....##...##......##


You could see an ogre.

Vanquished Creatures
  Terence (D:2)
  A sleepcap (D:2)
  2 adders (D:2)
  2 dart slugs (D:2)
  4 bats
  4 endoplasms (D:1)
  A giant cockroach (D:2)
  3 goblins
  4 hobgoblins (D:1)
  4 jackals (D:1)
  3 kobolds (D:1)
  2 quokkas
  5 ball pythons
  3 frilled lizards
  4 rats
43 creatures vanquished.

Notes
Turn   | Place    | Note
-------+----------+-------------------------------------------
     0 | D:1      | qw the Minotaur Hexslinger began the quest for the Orb.
     0 | D:1      | Reached XP level 1. HP: 16/16 MP: 1/1
     0 | D:1      | 0 ||| qw: Version: 0.3-a-46-gb1f654a
     0 | D:1      | 0 ||| qw: Game counter: 3673
     0 | D:1      | 0 ||| qw: Melee chars always use a shield: true
     0 | D:1      | 0 ||| qw: God list: Okawaru
     0 | D:1      | 0 ||| qw: Allow faded altars: false
     0 | D:1      | 0 ||| qw: Do Orc after clearing Dungeon:15 true
     0 | D:1      | 0 ||| qw: Do second Lair branch before Depths: true
     0 | D:1      | 0 ||| qw: Lair rune preference: random
     0 | D:1      | 0 ||| qw: Goals: Normal
     0 | D:1      | 0 ||| PLANNING D:1-11
    58 | D:1      | Found Qebuy's Jewellery Shop.
    65 | D:1      | Reached skill level 3 in Ranged Weapons
    65 | D:1      | Reached XP level 2. HP: 23/23 MP: 2/2
    68 | D:1      | 68 ||| SHOPLISTING +4 ring of protection (504 gold, have
                  | 12).
    68 | D:1      | 68 ||| SHOPLISTING +6 ring of dexterity (504 gold, have
                  | 12).
    68 | D:1      | 68 ||| SHOPLISTING amulet of faith (560 gold, have 12).
    68 | D:1      | 68 ||| SHOPLISTING amulet of the acrobat (420 gold, have
                  | 12).
    68 | D:1      | 68 ||| SHOPLISTING ring of poison resistance (280 gold,
                  | have 12).
    68 | D:1      | 68 ||| SHOPLISTING ring of protection from cold (350 gold,
                  | have 12).
    68 | D:1      | 68 ||| SHOPLISTING ring of see invisible (210 gold, have
                  | 12).
   106 | D:1      | HP: 6/24 [goblin/+0 dagger (3)]
   224 | D:1      | Found Zuxtihor's Jewellery Emporium.
   235 | D:1      | 235 ||| SHOPLISTING amulet of faith (520 gold, have 12).
   235 | D:1      | 235 ||| SHOPLISTING ring "Myfaytz" {rF+ rC+ SInv} (468
                  | gold, have 12).
   235 | D:1      | 235 ||| SHOPLISTING ring of protection from cold (325 gold,
                  | have 12).
   235 | D:1      | 235 ||| SHOPLISTING ring of protection from fire (325 gold,
                  | have 12).
   235 | D:1      | 235 ||| SHOPLISTING ring of willpower (325 gold, have 12).
   277 | D:1      | Found Nogaunad's Assorted Antiques.
   285 | D:1      | 285 ||| SHOPLISTING 2 scrolls labelled GUGUNW FOONOS (54
                  | gold, have 12).
   285 | D:1      | 285 ||| SHOPLISTING runed sling (121 gold, have 12).
   285 | D:1      | 285 ||| SHOPLISTING scroll labelled DAIFIS UFAZY (27 gold,
                  | have 12).
   285 | D:1      | 285 ||| SHOPLISTING scroll labelled PAEPAY HUVEN MOB (27
                  | gold, have 12).
   285 | D:1      | 285 ||| SHOPLISTING scroll labelled QOABICL YPIO (27 gold,
                  | have 12).
   285 | D:1      | 285 ||| SHOPLISTING scroll labelled UDIANUPERE (27 gold,
                  | have 12).
   344 | D:1      | Reached XP level 3. HP: 29/29 MP: 3/3
   570 | D:1      | 570 ||| UPGRADING to +0 leather armour.
   580 | D:1      | 580 ||| DROPPING +0 robe.
   581 | D:1      | 581 ||| DROPPING scroll of poison.
   640 | D:2      | Found a basalt altar of Yredelemnul.
   670 | D:2      | Reached skill level 4 in Ranged Weapons
   768 | D:2      | Reached XP level 4. HP: 31/36 MP: 4/4
   907 | D:2      | Noticed Terence
   922 | D:2      | Killed Terence
   923 | D:2      | Reached skill level 5 in Ranged Weapons
  1144 | D:2      | Noticed an ogre
  1149 | D:2      | HP: 3/36 [ogre/+0 giant club (33)]
  1151 | D:2      | Mangled by an ogre

Levels and vault maps discovered:
D:1:      scummos_arrival_forest, layout_rooms, serial_shops, shop,
          shop_fountains, nicolae_shop_trees, chequers_avenue
D:2:      layout_basic, basic_altar, grunt_ministairs_15,
          kennysheep_generic_room_3, uniq_terence

Skill      XL: |  1  2  3  4 |
---------------+-------------+-----
Ranged Weapons | 3 4 5 |  5.3
Fighting       | 2 |  2.0
Dodging        | |  2.1
Spellcasting   | |  1.0
Hexes          | |  2.0

Action                     |  1- 3 |  4- 6 || total
---------------------------+-------+-------++-------
   Fire: Sling             |   100 |    33 ||   133
 Armour: Robe              |     1 |       ||     1
         Leather armour    |     4 |     4 ||     8
  Dodge: Dodged            |    25 |    12 ||    37

Table legend:
 A = Non-vault XP
 B = Vault XP
 C = Vault XP percentage of total XP
 D = Non-vault monster count
 E = Vault monster count
 F = Vault count percentage of total count
                 A         B        C        D         E       F
            +---------+---------+-------+---------+---------+-------
      Total |     108 |      61 |  36.1 |      38 |       5 |  11.6
            +---------+---------+-------+---------+---------+-------
        D:1 |      47 |       0 |   0.0 |      29 |       0 |   0.0
        D:2 |      61 |      61 |  50.0 |       9 |       5 |  35.7
            +---------+---------+-------+---------+---------+-------
